 Dungeon Crawl Stone Soup version 0.28-a0-1555-g9ae15a6949 (webtiles) character file.

Game seed: 3835743814634415704

336 issech the Cudgeller (level 6, 0/61 HPs)
             Began as a Troll Fighter on Jan 18, 2022.
             Was an Initiate of Gozag.
             Slain by an ice beast (18 damage)
             ... on level 5 of the Dungeon.
             The game lasted 00:16:17 (3673 turns).

issech the Cudgeller (Troll Fighter)                Turns: 3673, Time: 00:16:21

Health: 0/61       AC:  4    Str: 27    XL:     6   Next: 28%
Magic:  5/5        EV:  7    Int:  4    God:    Gozag
Gold:   217        SH: 11    Dex:  9    Spells: 5/5 levels left

rFire   + . .      SeeInvis +   a - +0 flail
rCold   x . .      Faith    .   w - +0 tower shield
rNeg    . . .      Spirit   .   b - +0 robe
rPois   .          Reflect  .   (helmet restricted)
rElec   .          Harm     .   (no cloak)
rCorr   .          Rampage  .   (gloves unavailable)
Will    .....                   (boots unavailable)
Stlth   +.........              (no amulet)
HPRegen 1.00/turn               j - ring of see invisible
MPRegen 0.09/turn               U - ring of fire

@: no status effects
A: large, unfitting armour, claws 3, regeneration 1, shaggy fur 1, tough skin 1
a: Renounce Religion, Potion Petition, Call Merchant, Bribe Branch


You were on level 5 of the Dungeon.
You worshipped Gozag.
Gozag was aware of your devotion.
You visited 1 branch of the dungeon, and saw 5 of its levels.

You collected 264 gold pieces.
You paid 47 gold pieces to Gozag.

Inventory:

Hand Weapons
 a - a +0 flail (weapon)
 h - a +0 mace
 i - a +0 flail
Missiles
 f - 75 bolts
 g - 87 stones (quivered)
 s - 18 sling bullets
 F - 8 poisoned darts
Armour
 b - a +0 robe (worn)
 c - a +0 kite shield
 n - a +0 chain mail
 o - a +0 ring mail
 u - a +0 leather armour
 w - a +0 tower shield (worn)
 x - a +0 leather armour
Jewellery
 j - a ring of see invisible (left claw)
 N - the ring "Neruch" {*Slow rElec rF+ rN+ rCorr}
   (You found it on level 3 of the Dungeon)

   [ring of protection from fire]

   rF:        It protects you from fire.
   rElec:     It insulates you from electricity.
   rN:        It protects you from negative energy.
   rCorr:     It protects you from acid and corrosion.
   *Slow:     It may slow you when you take damage.
 U - a ring of fire (right claw)
Scrolls
 e - a scroll of blinking {unknown}
 k - a scroll of fear {unknown}
 l - a scroll of holy word {unknown}
 m - 5 scrolls of identify {unknown}
 v - 2 scrolls of immolation {unknown}
 y - a scroll of fog {unknown}
 I - 2 scrolls of teleportation {unknown}
Potions
 d - 3 potions of might
 p - 3 potions of haste {unknown}
 q - a potion of degeneration {unknown}
 r - a potion of cancellation {unknown}
 t - a potion of heal wounds {unknown}
 z - a potion of mutation {unknown}
 P - a potion of curing {unknown}


   Skills:
 + Level 3.0 Fighting
 + Level 4.1 Maces & Flails
 + Level 3.5 Dodging
 + Level 0.4 Stealth
 + Level 3.2 Shields


You had 5 spell levels left.
You didn't know any spells.
Your spell library was empty.

Dungeon Overview and Level Annotations

Branches:
Dungeon (5/15)
 Temple: D:4-7

Altars:
Ashenzari
Cheibriados
Gozag
Makhleb
Trog
The Shining One


Innate Abilities, Weirdness & Mutations

You are too large for most types of armour.
You have claws for hands.
Your natural rate of healing is unusually fast.
You are covered in fur. (AC +1)
You have tough skin. (AC +1)


Message History

You barely miss the ice beast.
The ice beast is moderately wounded.
The ice beast hits you but does no damage. x2
You hit the ice beast but do no damage.
The ice beast is moderately wounded.
The ice beast hits you but does no damage.
You closely miss the ice beast.
The ice beast is moderately wounded.
The ice beast hits you. The ice beast freezes you!
You feel a terrible chill! The ice beast barely misses you.
You barely miss the ice beast.
The ice beast is moderately wounded.
You block the ice beast's attack.
You barely miss the ice beast.
The ice beast is moderately wounded.
You block the ice beast's attack. The ice beast hits you.
The ice beast freezes you!
You feel a terrible chill!
You sock the ice beast!
The ice beast is heavily wounded.
You block the ice beast's attack.
You hit the ice beast.
The ice beast is heavily wounded.
The ice beast barely misses you. You block the ice beast's attack.
You hit the ice beast.
The ice beast is severely wounded.
The ice beast hits you. The ice beast freezes you!
You feel a terrible chill!
* * * LOW HITPOINT WARNING * * *
You closely miss the ice beast.
The ice beast is severely wounded.
You block the ice beast's attack. The ice beast completely misses you.
You closely miss the ice beast.
The ice beast is severely wounded.
You block the ice beast's attack.
You thump the ice beast!
The ice beast is almost dead.
You block the ice beast's attack. The ice beast hits you.
* * * LOW HITPOINT WARNING * * *
The ice beast freezes you!!
You feel a terrible chill!
You die...
Your body crumbles into a pile of gold.

................##.#
#................'..#
#................'..#
#................##.#
#..#..#....#..#..##.#
#................##.#
#................##.#
#..#..#....#..#..##.#
#...Y@...........##.#
#................##..
##################


You could see an ice beast.

Vanquished Creatures
  A black bear (D:4)
  A scorpion (D:5)
  A hound skeleton (D:4)
  3 gnolls (D:4)
  7 adders
  2 worms (D:2)
  4 dart slugs
  4 orcs
  10 endoplasms
  4 giant cockroaches
  6 goblins
  5 hobgoblins
  2 kobolds
  2 quokkas (D:1)
  7 ball pythons
  5 bats
  4 frilled lizards
  9 rats
77 creatures vanquished.

Notes
Turn   | Place    | Note
-------+----------+-------------------------------------------
     0 | D:1      | issech the Troll Fighter began the quest for the Orb.
     0 | D:1      | Reached XP level 1. HP: 22/22 MP: 0/0
   206 | D:1      | Reached XP level 2. HP: 17/29 MP: 1/1
   306 | D:1      | Reached skill level 2 in Maces & Flails
  1072 | D:2      | Reached XP level 3. HP: 34/36 MP: 2/2
  1459 | D:2      | Reached XP level 4. HP: 44/44 MP: 3/3
  1759 | D:3      | You fall into a shaft and drop 1 floor!
  1787 | D:3      | Reached skill level 3 in Maces & Flails
  2021 | D:3      | Found a bloodstained altar of Trog.
  2049 | D:3      | Found a burning altar of Makhleb.
  2260 | D:3      | Identified the ring "Neruch" {*Slow rElec rF+ rN+ rCorr}
  2630 | D:4      | Found a snail-covered altar of Cheibriados.
  2717 | D:4      | Found a broken altar of Ashenzari.
  2723 | D:4      | Noticed a black bear
  2737 | D:4      | Killed a black bear
  2738 | D:4      | Reached XP level 5. HP: 38/52 MP: 4/4
  3024 | D:4      | Found an opulent altar of Gozag.
  3047 | D:4      | Became a worshipper of Gozag Ym Sagoz the Greedy
  3190 | D:4      | Found a glowing golden altar of the Shining One.
  3425 | D:4      | Reached XP level 6. HP: 61/61 MP: 5/5
  3564 | D:5      | Entered Level 5 of the Dungeon
  3572 | D:5      | Reached skill level 4 in Maces & Flails
  3653 | D:5      | Noticed an ice beast
  3673 | D:5      | Slain by an ice beast

Illustrated notes

Levels and vault maps discovered:
D:1:      grunt_arrival_lava_bath, layout_basic, minmay_tall_x
D:2:      layout_basic, minmay_misc_feat_ornament
D:3:      layout_loops_corners, lemuel_crystal_altar,
          mainiacjoe_overflow_boulevard, moated_statue, corner_web_ring
D:4:      layout_loops_corners, evilmike_ruin_ashenzari, lemuel_round_altar,
          kennysheep_slug_shrine, nicolae_gozag_seed_capital
D:5:      layout_basic, minmay_temple_entry_proselytizer, minmay_shop_mass,
          minmay_misc_feat_secret_circle, kennysheep_another_room,
          hangedman_decor_diamond_cutter, kennysheep_dice

Skill      XL: |  1  2  3  4  5  6 |
---------------+-------------------+-----
Maces & Flails | 2 3 4 |  4.1
Dodging        | 3 |  3.5
Shields        | 3 |  3.2
Fighting       | 3 |  3.0
Stealth        | |  0.4

Action                   |  1- 3 |  4- 6 || total
-------------------------+-------+-------++-------
Melee: Flail             |   160 |   157 ||   317
  Use: Potion            |       |     1 ||     1
Armor: Robe              |    58 |    56 ||   114
Dodge: Dodged            |    58 |    67 ||   125
Block: Kite shield       |    53 |    58 ||   111
       Tower shield      |       |    13 ||    13

Table legend: (Time is in decaauts)
 A = Elapsed time spent in this place.
 B = Non-inter-level travel time spent in this place.
 C = Inter-level travel time spent in this place.
 D = Time resting spent in this place.
 E = Time spent auto-exploring this place.
 F = Levels seen in this place.
 G = Mean time per level.
                   A        B        C        D        E       F      G
               +--------+--------+--------+--------+--------+-----+--------+
         Total |   3803 |   3803 |      0 |     18 |   2062 |   5 |  760.6 |
       Dungeon |   3803 |   3803 |      0 |     18 |   2062 |   5 |  760.6 |
               +--------+--------+--------+--------+--------+-----+--------+

Top non-repeatable levels by time:
     D:1: 1092 daAuts
     D:3: 1050 daAuts
     D:4: 982 daAuts
     D:2: 556 daAuts
     D:5: 121 daAuts
